AoeStats
← zDMonkey

Highland

503987683Analyzed
3v3 RM · 1mo ago on Sep 3, 2026· 15m 7s· 6 players
Game mode
Random Map
Map size
Normal (6 player)
Population
200
Speed
Normal
Resources
Standard
Victory
Conquest
Starting age
Dark Age
Ending age
Imperial Age
RankedLock teamsTeams togetherTeam positionsShared explorationLock speedFull tech treeHidden civsTurbo modeCheats
Victory
Defeat
🇦🇺 Bulgarians · Australia
745
+14
🇦🇺 Franks · Australia
745
+14
🇦🇺 Magyars · Australia
702
+16
🇩🇪 Teutons · Germany
734
-16
🇩🇪 Burgundians · Germany
734
-16
🇩🇪 Malians · Germany
630
-12
Hynix911
14:34 Feudal Age
NiggoPuschel92
13:06 Feudal Age
11:28 Double-Bit Axe
12:45 Horse Collar
13:50 Heavy Plow
zDMonkey
13:53 Feudal Age
[N]eon[M]ario
10:49 Loom
13:07 Feudal Age
RodgerDodger
11:59 Feudal Age
13:49 Arson
YEAH_COPY
13:17 Feudal Age
14:10 Double-Bit Axe
Connection lost

Rejoining the realm…

Still unreachable

The connection could not be restored.

Session expired

The server has moved on; the page needs a fresh start.